SNL (28 & UNDER)
NEW HAMPSHIRE FISHER CATS @ BLACKIRON DRAGONS
05/19/2023
 
TOP OF THE 1ST
New Hampshire Fisher Cats batting - Pitching for BlackIron Dragons : RHP Foster Giles
Pitching: RHP Foster Giles
Batting: LHB Gustavo Lozano 0-0: Foul Ball, location: 2F
0-1: Ball
1-1: Ball
2-1: Foul Ball, location: 2F
2-2: SINGLE (Line Drive, 34)
Batting: RHB Phil Matthews 0-0: Ball
1-0: Foul Ball, location: 2F
1-1: Fly out, F8 (Flyball, 8RM)
Batting: RHB Keith Ford 0-0: Ball
1-0: Fly out, F9 (Flyball, 9S)
Batting: RHB José Hernández 0-0: DOUBLE (Line Drive, 7LM)
Gustavo Lozano to third
Batting: RHB Anthony Hezell 0-0: Ball
1-0: Swinging Strike
1-1: Ball
2-1: Foul Ball, location: 2F
2-2: Strikes out swinging
Top of the 1st over - 0 run(s), 2 hit(s), 0 error(s), 2 left on base; New Hampshire 0 - BlackIron 0
BOTTOM OF THE 1ST
BlackIron Dragons batting - Pitching for New Hampshire Fisher Cats : RHP Felipe Valdomar
Pitching: RHP Felipe Valdomar
Batting: RHB José Colón 0-0: Called Strike
0-1: Ball
1-1: Called Strike
1-2: Ball
2-2: Ground out 5-3 (Groundball, 56)
Batting: RHB Leroy Jamison 0-0: Swinging Strike
0-1: Foul Ball, location: 2F
0-2: Foul Ball, location: 2F
0-2: Strikes out swinging
Batting: RHB Robert Buckley 0-0: Ball
1-0: Swinging Strike
1-1: Called Strike
1-2: Ball
2-2: Strikes out swinging
Bottom of the 1st over - 0 run(s), 0 hit(s), 0 error(s), 0 left on base; New Hampshire 0 - BlackIron 0
TOP OF THE 2ND
New Hampshire Fisher Cats batting - Pitching for BlackIron Dragons : RHP Foster Giles
Batting: RHB Jim Tracy 0-0: Ball
1-0: Ball
2-0: Ball
3-0: Base on Balls
Batting: SHB Shawn Davis 0-0: Ball
1-0: Called Strike
1-1: Foul Ball, location: 2F
1-2: Ball
2-2: Fielders Choice at 2nd, 2-4 (Groundball, 2L)
Batting: RHB Matt Silver 0-0: Ball
1-0: Called Strike
1-1: Swinging Strike
1-2: Fly out, F7 (Flyball, 78S)
Batting: RHB Brad French 0-0: Ball
1-0: Swinging Strike
1-1: Swinging Strike
1-2: Strikes out swinging
Top of the 2nd over - 0 run(s), 0 hit(s), 0 error(s), 1 left on base; New Hampshire 0 - BlackIron 0
BOTTOM OF THE 2ND
BlackIron Dragons batting - Pitching for New Hampshire Fisher Cats : RHP Felipe Valdomar
Batting: RHB Jonah Duncan 0-0: Fly out, F3 (Popup, 3DF)
Batting: RHB Edgardo Carrasco 0-0: Called Strike
0-1: Foul Ball, location: 2F
0-2: Ball
1-2: Strikes out swinging
Batting: LHB Aurelio Torrez 0-0: Ball
1-0: Fly out, F8 (Flyball, 78M)
Bottom of the 2nd over - 0 run(s), 0 hit(s), 0 error(s), 0 left on base; New Hampshire 0 - BlackIron 0
TOP OF THE 3RD
New Hampshire Fisher Cats batting - Pitching for BlackIron Dragons : RHP Foster Giles
Batting: LHB Gustavo Lozano 0-0: Ball
1-0: Called Strike
1-1: Ball
2-1: Ball
3-1: Base on Balls
Batting: RHB Phil Matthews 0-0: Swinging Strike
0-1: Fly out, F7 (Flyball, 78D)
Batting: RHB Keith Ford 0-0: Called Strike
0-1: Ball
1-1: Ball
2-1: Foul Ball, location: 2F
2-2: Strikes out swinging
Batting: RHB José Hernández 0-0: Ground out 6-3 (Groundball, 6)
Top of the 3rd over - 0 run(s), 0 hit(s), 0 error(s), 1 left on base; New Hampshire 0 - BlackIron 0
BOTTOM OF THE 3RD
BlackIron Dragons batting - Pitching for New Hampshire Fisher Cats : RHP Felipe Valdomar
Batting: RHB Ed Sims 0-0: Ball
1-0: SINGLE (Groundball, 6MD)
Batting: RHB Joaquín Rosales 0-0: Called Strike
Ed Sims steals 2nd base
0-1: Ground out 5-3 (Groundball, 56)
Batting: RHB Boyd Pittman 0-0: Swinging Strike
0-1: Called Strike
Ed Sims steals 3rd base
0-2: Strikes out looking
Batting: RHB José Colón 0-0: Fly out, F4 (Line Drive, 4MD)
Bottom of the 3rd over - 0 run(s), 1 hit(s), 0 error(s), 1 left on base; New Hampshire 0 - BlackIron 0
TOP OF THE 4TH
New Hampshire Fisher Cats batting - Pitching for BlackIron Dragons : RHP Foster Giles
Batting: RHB Anthony Hezell 0-0: Ball
1-0: Ball
2-0: Ball
3-0: Base on Balls
Batting: RHB Jim Tracy 0-0: Foul Ball, location: 2F
0-1: Ball
1-1: Ball
2-1: Ball
3-1: Foul Ball, location: 2F
3-2: Base on Balls
Anthony Hezell to second
Batting: SHB Shawn Davis 0-0: Fly out, F4 (Popup, 34S)
Batting: RHB Matt Silver 0-0: 3-RUN HOME RUN (Flyball, 78XD), Distance : 426 ft
Batting: RHB Brad French 0-0: Ball
1-0: Foul Ball, location: 2F
1-1: Swinging Strike
1-2: Strikes out swinging
Batting: LHB Gustavo Lozano 0-0: Ball
1-0: Ball
2-0: Ball
3-0: Base on Balls
Batting: RHB Phil Matthews 0-0: Foul Ball, location: 2F
0-1: Ball
1-1: Ball
2-1: Ball
3-1: Base on Balls
Gustavo Lozano to second
Batting: RHB Keith Ford 0-0: Ball
1-0: Ball
2-0: Called Strike
2-1: Ball
3-1: Base on Balls
Gustavo Lozano to third
Phil Matthews to second
Batting: RHB José Hernández 0-0: Ball
1-0: Swinging Strike
1-1: Ball
2-1: Called Strike
2-2: Ball
3-2: Foul Ball, location: 2F
3-2: Base on Balls
Gustavo Lozano scores
Phil Matthews to third
Keith Ford to second
Batting: RHB Anthony Hezell 0-0: Called Strike
0-1: Called Strike
0-2: SINGLE (Groundball, 56D)
Phil Matthews scores
Keith Ford to third
José Hernández to second
Runner from 3rd tries for Home, throw and OUT!
Top of the 4th over - 5 run(s), 2 hit(s), 0 error(s), 2 left on base; New Hampshire 5 - BlackIron 0
BOTTOM OF THE 4TH
BlackIron Dragons batting - Pitching for New Hampshire Fisher Cats : RHP Felipe Valdomar
Batting: RHB Leroy Jamison 0-0: Fly out, F8 (Flyball, 8LS)
Batting: RHB Robert Buckley 0-0: Swinging Strike
0-1: Ball
1-1: Called Strike
1-2: Ball
2-2: Ball
3-2: Fly out, F3 (Popup, 34S)
Batting: RHB Jonah Duncan 0-0: Foul Ball, location: 2F
0-1: Ball
1-1: Fly out, F9 (Flyball, 9LS)
Bottom of the 4th over - 0 run(s), 0 hit(s), 0 error(s), 0 left on base; New Hampshire 5 - BlackIron 0
TOP OF THE 5TH
New Hampshire Fisher Cats batting - Pitching for BlackIron Dragons : RHP Foster Giles
Batting: RHB Jim Tracy 0-0: Called Strike
0-1: Ball
1-1: Foul Ball, location: 2F
1-2: Foul Ball, location: 2F
1-2: Ball
2-2: Foul Ball, location: 2F
2-2: SINGLE (Line Drive, 8RS)
Batting: SHB Shawn Davis 0-0: Ball
1-0: Called Strike
1-1: Ball
2-1: Foul Ball, location: 2F
2-2: Ball
3-2: Strikes out looking
Pitching: RHP Esteban Hernández
Batting: RHB Matt Silver 0-0: SINGLE (Groundball, 6MD)
Jim Tracy to second
Runner from 2nd tries for 3rd, SAFE, throw made to third
Batting: RHB Brad French 0-0: Called Strike
0-1: Ball
1-1: Ball
2-1: Ball
3-1: Foul Ball, location: 2F
3-2: Foul Ball, location: 2F
3-2: Strikes out looking
Batting: LHB Gustavo Lozano 0-0: Ball
1-0: Swinging Strike
1-1: Ball
2-1: Ball
3-1: Foul Ball, location: 2F
3-2: Base on Balls
Matt Silver to second
Batting: RHB Phil Matthews 0-0: Swinging Strike
0-1: Called Strike
0-2: Ball
1-2: Ball
Wild Pitch!
Jim Tracy scores
Matt Silver to third
Gustavo Lozano to second
2-2: Fly out, F9 (Line Drive, 9M)
Top of the 5th over - 1 run(s), 2 hit(s), 0 error(s), 2 left on base; New Hampshire 6 - BlackIron 0
BOTTOM OF THE 5TH
BlackIron Dragons batting - Pitching for New Hampshire Fisher Cats : RHP Felipe Valdomar
Batting: RHB Edgardo Carrasco 0-0: Ball
1-0: Called Strike
1-1: Fly out, F4 (Popup, 4M)
Batting: LHB Aurelio Torrez 0-0: Ball
1-0: Ball
2-0: Called Strike
2-1: Foul Ball, location: 2F
2-2: Ground out 4-3 (Groundball, 4M)
Batting: RHB Ed Sims 0-0: Ball
1-0: Fly out, F6 (Popup, 56)
Bottom of the 5th over - 0 run(s), 0 hit(s), 0 error(s), 0 left on base; New Hampshire 6 - BlackIron 0
TOP OF THE 6TH
New Hampshire Fisher Cats batting - Pitching for BlackIron Dragons : RHP Esteban Hernández
Batting: RHB Keith Ford 0-0: Ball
1-0: SINGLE (Line Drive, 78S)
Batting: RHB José Hernández 0-0: Called Strike
0-1: Ball
1-1: Ball
2-1: Fielders Choice at 2nd, 6-4 (Groundball, 6)
Batting: RHB Anthony Hezell 0-0: Ball
José Hernández steals 2nd base
1-0: Ball
2-0: Foul Ball, location: 2F
2-1: Ball
3-1: Ground out 5-3 (Groundball, 56)
Batting: RHB Jim Tracy 0-0: Ball
1-0: Called Strike
1-1: Ball
2-1: Ball
3-1: Base on Balls
Batting: SHB Shawn Davis 0-0: Called Strike
0-1: Ball
1-1: Swinging Strike
1-2: Strikes out swinging
Top of the 6th over - 0 run(s), 1 hit(s), 0 error(s), 2 left on base; New Hampshire 6 - BlackIron 0
BOTTOM OF THE 6TH
BlackIron Dragons batting - Pitching for New Hampshire Fisher Cats : RHP Felipe Valdomar
Batting: RHB Joaquín Rosales 0-0: Called Strike
0-1: Called Strike
0-2: Ball
1-2: Ball
2-2: Fly out, F8 (Flyball, 8RM)
Batting: RHB Boyd Pittman 0-0: Ball
1-0: Called Strike
1-1: Fly out, F2 (Popup, 23F)
Batting: RHB José Colón 0-0: Called Strike
0-1: Ball
1-1: Foul Ball, location: 2F
1-2: Fly out, F6 (Popup, 6)
Bottom of the 6th over - 0 run(s), 0 hit(s), 0 error(s), 0 left on base; New Hampshire 6 - BlackIron 0
TOP OF THE 7TH
New Hampshire Fisher Cats batting - Pitching for BlackIron Dragons : RHP Esteban Hernández
Pitching: RHP Simón Amejorado
Batting: RHB Matt Silver 0-0: Swinging Strike
0-1: Foul Ball, location: 2F
0-2: Ball
1-2: Ball
2-2: Ground out 5-3 (Groundball, 56)
Batting: RHB Brad French 0-0: Ball
1-0: Ball
2-0: Ball
3-0: Called Strike
3-1: Called Strike
3-2: Foul Ball, location: 2F
3-2: Strikes out looking
Batting: LHB Gustavo Lozano 0-0: Ball
1-0: Ball
2-0: Ball
3-0: Called Strike
3-1: Base on Balls
Batting: RHB Phil Matthews 0-0: Called Strike
0-1: Ball
1-1: Ball
2-1: SINGLE (Groundball, 56D)
Gustavo Lozano to second
Batting: RHB Keith Ford 0-0: Ball
1-0: Ground out 5-3 (Groundball, 56)
Top of the 7th over - 0 run(s), 1 hit(s), 0 error(s), 2 left on base; New Hampshire 6 - BlackIron 0
BOTTOM OF THE 7TH
BlackIron Dragons batting - Pitching for New Hampshire Fisher Cats : RHP Felipe Valdomar
Batting: RHB Leroy Jamison 0-0: Ground out 6-3 (Groundball, 6)
Batting: RHB Robert Buckley 0-0: Called Strike
0-1: Ground out 6-3 (Groundball, 6S)
Batting: RHB Jonah Duncan 0-0: Called Strike
0-1: Foul Ball, location: 2F
0-2: Strikes out swinging
Bottom of the 7th over - 0 run(s), 0 hit(s), 0 error(s), 0 left on base; New Hampshire 6 - BlackIron 0
TOP OF THE 8TH
New Hampshire Fisher Cats batting - Pitching for BlackIron Dragons : RHP Simón Amejorado
Batting: RHB José Hernández 0-0: Ball
1-0: Ball
2-0: Ball
3-0: Base on Balls
Batting: RHB Anthony Hezell 0-0: Ground out 5-3 (Groundball, 5S)
José Hernández to second
Batting: RHB Jim Tracy 0-0: Ball
José Hernández steals 3rd base
1-0: Ball
2-0: Ball
3-0: Called Strike
3-1: Base on Balls
Pitching: LHP José Gonzáles
Batting: SHB Shawn Davis 0-0: Ball
1-0: Grounds into double play, 6-4-3 (Groundball, 6)
Top of the 8th over - 0 run(s), 0 hit(s), 0 error(s), 1 left on base; New Hampshire 6 - BlackIron 0
BOTTOM OF THE 8TH
BlackIron Dragons batting - Pitching for New Hampshire Fisher Cats : RHP Felipe Valdomar
Batting: RHB Edgardo Carrasco 0-0: Called Strike
0-1: Ball
1-1: Ball
2-1: Swinging Strike
2-2: Strikes out swinging
Batting: LHB Aurelio Torrez 0-0: Called Strike
0-1: Ball
1-1: Swinging Strike
1-2: Ball
2-2: Strikes out swinging
Batting: RHB Ed Sims 0-0: Foul Ball, location: 2F
0-1: Swinging Strike
0-2: Ball
1-2: Foul Ball, location: 2F
1-2: Hit by Pitch
Batting: RHB Joaquín Rosales 0-0: Swinging Strike
0-1: Foul Ball, location: 2F
0-2: Ball
1-2: SINGLE (Groundball, 5D)
Ed Sims to second
Batting: RHB Boyd Pittman 0-0: Foul Ball, location: 2F
0-1: Called Strike
0-2: Ball
1-2: Strikes out swinging
Bottom of the 8th over - 0 run(s), 1 hit(s), 0 error(s), 2 left on base; New Hampshire 6 - BlackIron 0
TOP OF THE 9TH
New Hampshire Fisher Cats batting - Pitching for BlackIron Dragons : LHP José Gonzáles
Batting: RHB Matt Silver 0-0: SINGLE (Line Drive, 6MD)
Batting: RHB Brad French 0-0: Grounds into double play, U4-3 (Groundball, 4)
Batting: LHB Gustavo Lozano 0-0: Ball
1-0: Ball
2-0: Ball
3-0: Called Strike
3-1: Called Strike
3-2: Strikes out swinging
Top of the 9th over - 0 run(s), 1 hit(s), 0 error(s), 0 left on base; New Hampshire 6 - BlackIron 0
BOTTOM OF THE 9TH
BlackIron Dragons batting - Pitching for New Hampshire Fisher Cats : RHP Felipe Valdomar
Now at C: Howard Daniel
Now at 1B: Billy Campbell
Now in CF: Roy Vanlandingham
Batting: RHB José Colón 0-0: Called Strike
0-1: Ball
1-1: Ball
2-1: Ball
3-1: Fly out, F9 (Line Drive, 9M)
Pitching: RHP Armando Rodríguez
Batting: RHB Leroy Jamison 0-0: Called Strike
0-1: Ball
1-1: Foul Ball, location: 2F
1-2: Ground out 4-3 (Groundball, 4)
Batting: RHB Robert Buckley 0-0: Called Strike
0-1: Ball
1-1: Ball
2-1: Ball
3-1: Foul Ball, location: 2F
3-2: Foul Ball, location: 2F
3-2: Base on Balls
Batting: RHB Jonah Duncan 0-0: Ball
1-0: Swinging Strike
1-1: Fly out, F9 (Flyball, 89XD)
Bottom of the 9th over - 0 run(s), 0 hit(s), 0 error(s), 1 left on base; New Hampshire 6 - BlackIron 0
This league is powered by Out of the Park Baseball, the baseball management simulation game for PC, Mac and Linux
Wednesday, December 2nd, 2015 - OOTP Baseball 16.8 Build 38